 Dungeon Crawl Stone Soup version 0.22.1-2-g9c5b331 (webtiles) character file.

283 TheAlmogaver the Magician (level 6, -7/44 HPs)
             Began as a Gnoll Wizard on Dec 26, 2018.
             Killed from afar by an orc wizard (9 damage)
             ... with a puff of frost
             ... on level 5 of the Dungeon.
             The game lasted 00:23:15 (4378 turns).

TheAlmogaver the Magician (Gnoll Wizard)            Turns: 4378, Time: 00:23:16

Health: -7/44      AC:  4    Str: 10    XL:     6   Next: 28%
Magic:  0/16       EV: 14    Int: 22    God:
Gold:   229        SH:  0    Dex: 13    Spells: 8/19 levels left

rFire    . . .     SeeInvis .   q - +2 dagger (freeze)
rCold    . . .     Gourm    .   (no shield)
rNeg     . . .     Faith    .   a - +0 robe
rPois    .         Spirit   .   b - +0 hat
rElec    .         Reflect  .   m - +0 cloak
rCorr    .         Harm     .   (no gloves)
MR       .....                  i - +0 pair of boots
Stlth    +++.......             (no amulet)
HPRegen  0.14/turn              (no ring)
MPRegen  0.15/turn              (no ring)

@: very slightly contaminated
A: distributed training, fangs 1, strong nose
a: no special abilities


You were on level 5 of the Dungeon.
You were hungry.

You visited 1 branch of the dungeon, and saw 5 of its levels.

You collected 229 gold pieces.

Inventory:

Hand Weapons
 p - a +1 dagger of holy wrath
 q - a +2 dagger of freezing (weapon)
 v - a +0 blowgun
Missiles
 c - 3 tomahawks
 w - 11 poisoned needles (quivered)
Armour
 a - a +0 robe (worn)
 b - a +0 hat (worn)
 i - a +0 pair of boots (worn)
 m - a +0 cloak (worn)
 y - a +0 animal skin
Jewellery
 g - an uncursed ring of wizardry {unknown}
 n - a +5 ring of dexterity {unknown}
Scrolls
 e - 2 scrolls of teleportation {unknown}
 f - 3 scrolls of remove curse {unknown}
 k - 2 scrolls of amnesia {unknown}
 l - a scroll of fog {unknown}
 o - 4 scrolls of identify {unknown}
 r - a scroll of enchant armour {unknown}
Potions
 h - a potion of flight {unknown}
 j - 2 potions of degeneration {unknown}
 s - 2 potions of curing {unknown}
 t - a potion of lignification {unknown}
 u - a potion of ambrosia {unknown}
 z - a potion of agility {unknown}
 A - 2 potions of brilliance {unknown}
Comestibles
 d - 5 rations


   Skills:
 + Level 1.8 Fighting
 + Level 1.8 Short Blades
 + Level 1.8 Long Blades
 + Level 1.8 Axes
 + Level 1.8 Maces & Flails
 + Level 1.8 Polearms
 + Level 1.8 Staves
 + Level 1.8 Slings
 + Level 1.8 Bows
 + Level 1.8 Crossbows
 + Level 1.8 Throwing
 + Level 1.8 Armour
 + Level 4.9 Dodging
 + Level 4.5 Stealth
 + Level 1.8 Shields
 + Level 1.8 Unarmed Combat
 + Level 7.4 Spellcasting
 + Level 2.6 Conjurations
 + Level 1.4 Hexes
 + Level 1.4 Charms
 + Level 2.6 Summonings
 + Level 1.4 Necromancy
 + Level 2.6 Translocations
 + Level 1.4 Transmutations
 + Level 1.4 Fire Magic
 + Level 1.4 Ice Magic
 + Level 1.4 Air Magic
 + Level 1.4 Earth Magic
 + Level 1.4 Poison Magic
 + Level 2.0 Invocations
 + Level 1.8 Evocations


You had 8 spell levels left.
You knew the following spells:

 Your Spells              Type           Power        Failure   Level  Hunger
a - Magic Dart            Conj           ###.         2%          1    None
b - Blink                 Tloc           N/A          4%          2    None
c - Call Imp              Summ           ###.....     4%          2    None
d - Conjure Flame         Conj/Fire      ###.....     11%         3    None
e - Mephitic Cloud        Conj/Pois/Air  ###.....     11%         3    None

Your spell library contained the following spells:

 Spells                   Type           Power        Failure   Level  Hunger
 Slow                     Hex            ##......     7%          2    None


Dungeon Overview and Level Annotations

Branches:
Dungeon (5/15)
 Temple: D:4-7

Altars:
Gozag
Qazlal

Annotations:
D:4 Pikel


Innate Abilities, Weirdness & Mutations

Your experience applies equally to all skills.
You have very sharp teeth.
Your uncanny sense of smell can sniff out nearby items.


Message History

Casting: Magic Dart (safe; 2% risk of failure)
Confirm with . or Enter, or press ? or * to list all spells.
You miscast Blink.
You are very lightly contaminated with residual magic.
You catch a glimpse of the back of your own head.
Casting: Blink (safe; 4% risk of failure)
Confirm with . or Enter, or press ? or * to list all spells.
Okay, then.
The slave barely misses you.
You climb downwards.
An adder, a worm, 2 orc priests and 2 orc wizards come into view.
The orc priest shouts! x2
There is a stone staircase leading up here.
The orc wizard shouts!
The slave hits you.
* * * LOW HITPOINT WARNING * * *
The orc priest hits you but does no damage.
The orc wizard casts a spell at you. The puff of frost hits you!
You die...

J#w...# .#
.....# .#
#....#..# . .
#....#..#.. ...
..........
.#..##......#S.
...............
#....o@.......
#..##p#....#..
#o ....... ..
....... ##.
....#.. #.
o...# . #.
.#### #. ..


You could see a slave, a worm (wandering), 2 orc priests, an orc wizard, an ooze
and an adder.

Vanquished Creatures
  2 slaves
  2 bullfrog skeletons (D:4)
  A worker ant (D:3)
  3 gnolls
  3 adders
  An ooze (D:2)
  A worm (D:4)
  6 dart slugs
  2 leopard geckos (D:4)
  4 orcs
  7 giant cockroaches
  5 goblins
  7 hobgoblins
  4 jackals
  3 quokkas
  2 ball pythons
  6 bats
  3 frilled lizards
  4 kobolds
  11 rats
77 creatures vanquished.

Vanquished Creatures (collateral kills)
  An orc wizard (D:3)
  A worker ant (D:4)
  3 gnolls (D:4)
  A worm (D:3)
  8 orcs (D:3)
  A giant cockroach (D:4)
  A goblin (D:3)
  A hobgoblin (D:3)
  A jackal (D:1)
  A kobold (D:3)
  A frilled lizard (D:3)
20 creatures vanquished.

Grand Total: 97 creatures vanquished

Notes
Turn   | Place    | Note
-------+----------+-------------------------------------------
     0 | D:1      | TheAlmogaver the Gnoll Wizard began the quest for the Orb.
     0 | D:1      | Reached XP level 1. HP: 13/13 MP: 8/8
    95 | D:1      | Reached XP level 2. HP: 19/19 MP: 0/10
  1125 | D:1      | Reached XP level 3. HP: 25/25 MP: 2/11
  1129 | D:1      | Learned a level 2 spell: Blink
  1132 | D:1      | Learned a level 2 spell: Call Imp
  1136 | D:1      | Learned a level 3 spell: Conjure Flame
  1140 | D:1      | Learned a level 3 spell: Mephitic Cloud
  1434 | D:2      | Reached skill level 1 in Invocations
  1507 | D:2      | Reached skill level 1 in Fighting
  1507 | D:2      | Reached skill level 1 in Short Blades
  1507 | D:2      | Reached skill level 1 in Long Blades
  1507 | D:2      | Reached skill level 1 in Axes
  1507 | D:2      | Reached skill level 1 in Maces & Flails
  1507 | D:2      | Reached skill level 1 in Polearms
  1507 | D:2      | Reached skill level 1 in Staves
  1507 | D:2      | Reached skill level 1 in Slings
  1507 | D:2      | Reached skill level 1 in Bows
  1507 | D:2      | Reached skill level 1 in Crossbows
  1507 | D:2      | Reached skill level 1 in Throwing
  1507 | D:2      | Reached skill level 1 in Armour
  1507 | D:2      | Reached skill level 1 in Shields
  1507 | D:2      | Reached skill level 1 in Unarmed Combat
  1507 | D:2      | Reached skill level 1 in Evocations
  1701 | D:2      | Reached XP level 4. HP: 32/32 MP: 11/13
  2304 | D:3      | Found an opulent altar of Gozag.
  2374 | D:3      | Reached skill level 1 in Hexes
  2374 | D:3      | Reached skill level 1 in Charms
  2374 | D:3      | Reached skill level 1 in Necromancy
  2374 | D:3      | Reached skill level 1 in Transmutations
  2374 | D:3      | Reached skill level 1 in Fire Magic
  2374 | D:3      | Reached skill level 1 in Ice Magic
  2374 | D:3      | Reached skill level 1 in Air Magic
  2374 | D:3      | Reached skill level 1 in Earth Magic
  2374 | D:3      | Reached skill level 1 in Poison Magic
  2784 | D:3      | Reached XP level 5. HP: 34/37 MP: 9/14
  3743 | D:4      | Found a stormy altar of Qazlal.
  3896 | D:4      | Reached XP level 6. HP: 44/44 MP: 12/16
  3930 | D:4      | Noticed a slave
  3931 | D:4      | Noticed a slave
  3932 | D:4      | Noticed a slave
  3932 | D:4      | Noticed a slave
  3933 | D:4      | Noticed Pikel
  4025 | D:3      | Killed a slave
  4362 | D:4      | Killed a slave
  4377 | D:5      | Entered Level 5 of the Dungeon
  4378 | D:5      | HP: 2/44 [slave[Pikel] (3)]
  4378 | D:5      | Killed from afar by an orc wizard

Skill      XL: |  1  2  3  4  5  6 |
---------------+-------------------+-----
Conjurations   | 2 |  2.6
Summonings     | 2 |  2.6
Translocations | 2 |  2.6
Invocations    | 1 2 |  2.0
Fighting       | 1 |  1.8
Short Blades   | 1 |  1.8
Long Blades    | 1 |  1.8
Axes           | 1 |  1.8
Maces & Flails | 1 |  1.8
Polearms       | 1 |  1.8
Staves         | 1 |  1.8
Slings         | 1 |  1.8
Bows           | 1 |  1.8
Crossbows      | 1 |  1.8
Throwing       | 1 |  1.8
Armour         | 1 |  1.8
Shields        | 1 |  1.8
Unarmed Combat | 1 |  1.8
Evocations     | 1 |  1.8
Hexes          | 1 |  1.4
Charms         | 1 |  1.4
Necromancy     | 1 |  1.4
Transmutations | 1 |  1.4
Fire Magic     | 1 |  1.4
Ice Magic      | 1 |  1.4
Air Magic      | 1 |  1.4
Earth Magic    | 1 |  1.4
Poison Magic   | 1 |  1.4
Dodging        | |  4.9
Stealth        | |  4.5
Spellcasting   | |  7.4

Action                   |  1- 3 |  4- 6 || total
-------------------------+-------+-------++-------
Melee: Unarmed           |     2 |       ||     2
       Dagger            |       |    28 ||    28
 Cast: Magic Dart        |    71 |   141 ||   212
       Call Imp          |     4 |    18 ||    22
       Blink             |     4 |     3 ||     7
       Mephitic Cloud    |       |     7 ||     7
       Conjure Flame     |       |     2 ||     2
 Stab: Confused          |       |     4 ||     4
  Eat: Chunk             |     2 |     1 ||     3
       Ration            |       |     2 ||     2
Armor: Robe              |     1 |     2 ||     3
Dodge: Dodged            |    15 |    48 ||    63
